 Dungeon Crawl Stone Soup version 0.31.0-32-g396128a36d (webtiles) character file.

Game seed: 942576691133997326

84 TacoSundae the Changeling (level 4, 0/21 HPs)
             Began as a Vine Stalker Shapeshifter on Apr 5, 2024.
             Succumbed to an adder's poison
             ... on level 2 of the Dungeon.
             The game lasted 00:03:27 (1201 turns).

TacoSundae the Changeling (VSSh)                    Turns: 1201, Time: 00:03:28

Health: 0/21       AC:  3    Str: 19    XL:     4   Next: 46%
Magic:  1/5        EV: 11    Int: 10    God:
Gold:   14         SH:  0    Dex: 13    Spells: 3/3 levels left

rFire   . .          .
                       - Unarmed
rCold   + . .        (no shield)
rNeg    . . .        f - +0 leather armour
rPois   .            (helmet currently unavailable)
rElec   .            (cloak currently unavailable)
rCorr   .            (gloves currently unavailable)
SInv    .            (boots currently unavailable)
Will    .....        (no amulet)
Stlth   +            e - ring of protection from cold
HPRegen 1.03/turn    (no ring)
MPRegen 0.09/turn

%: guardian spirit
@: lethally poisoned (0 -> -2), beast-form
A: beast (slay +2), fangs 2, regeneration 1, magic shield, antimagic bite, no
potion heal 2
a: Begin Untransformation


You were on level 2 of the Dungeon.
You were a hulking beast.
You visited 1 branch of the dungeon, and saw 2 of its levels.

You collected 14 gold pieces.

Inventory:

Missiles
 a - 6 curare-tipped darts (quivered)
 h - 5 poisoned darts
Armour
 f - a +0 leather armour (worn)
Jewellery
 e - a ring of protection from cold (left hand)
Talismans
 c - a beast talisman
 d - a flux talisman
Scrolls
 g - a scroll of identify {unknown}
 j - a scroll of noise {unknown}
 k - a scroll of immolation {unknown}
 l - a scroll of fog {unknown}
 n - a scroll of torment {unknown}
Potions
 b - a potion of lignification
 m - 2 potions of curing {unknown}


   Skills:
 - Level 0.8 Fighting
 - Level 1.5 Dodging
 - Level 3.0 Unarmed Combat
 + Level 4.8 Shapeshifting


You had 3 spell levels left.
You didn't know any spells.
Your spell library was empty.

Dungeon Overview and Level Annotations

Branches:
Dungeon (2/15)

Altars:

Shops:
D:2 [


Innate Abilities, Weirdness & Mutations

You are a hulking beast.
Your limbs bulge with bestial killing power. (Slay +2)
You have extremely sharp teeth.
Your natural rate of healing is unusually fast.
When hurt, damage is shared between your health and your magic reserves.
Your bite disrupts and absorbs the magic of your enemies.
Potions cannot restore your health.


Message History

There is an open door here.
The adder hisses angrily.
The adder bites you.
You are poisoned.
The adder poisons you! The adder completely misses you.
You hit the adder.
The adder is lightly wounded.
You feel sick. The adder bites you.
You are more poisoned.
The adder poisons you!
You hit the adder. Your bite misses the adder.
The adder is severely wounded.
You feel sick. The adder bites you.
You barely miss the adder. Your bite misses the adder.
The adder is severely wounded.
You feel sick. The adder bites you.
You are too injured to fight recklessly!
You are too injured to fight recklessly!
You are too injured to fight recklessly!
You closely miss the adder. Your bite misses the adder.
The adder is severely wounded.
You feel sick. The adder barely misses you.
You miss the adder. Your bite misses the adder.
The adder is severely wounded.
You feel sick. The adder bites you.
* * * LOW HITPOINT WARNING * * *
You are lethally poisoned!
The adder poisons you! The adder bites you but does no damage.
You closely miss the adder.
The adder is severely wounded.
* * * LOW HITPOINT WARNING * * *
You feel very sick. The adder bites you.
* * * LOW HITPOINT WARNING * * *
It was a potion of heal wounds.
That seemed strangely inert.
* * * LOW HITPOINT WARNING * * *
You feel sick. The adder closely misses you.
You hit the adder. You bite the adder.
You kill the adder!
You die...

...................#...#
........................
#.......#####.###..>###.
........## #.###...####
#.......####.#.........
#.......'<...#.........
#.......######.........
#.......# #.........
#.....h.# #.........
#.......# #.........
#.......# #.........
#.......# #.........
#.......# #.........
#.......# #.........
#.......# #.........
######### #.........
#.........


There were no monsters in sight!

Vanquished Creatures
  4 adders (D:2)
  3 dart slugs
  A ball python (D:1)
  4 bats
  10 endoplasms
  5 goblins
  3 hobgoblins (D:1)
  4 kobolds
  4 quokkas
  5 frilled lizards
  7 rats
50 creatures vanquished.

Notes
Turn   | Place    | Note
-------+----------+-------------------------------------------
     0 | D:1      | TacoSundae the Vine Stalker Shapeshifter began the quest
                  | for the Orb.
     0 | D:1      | Reached XP level 1. HP: 9/9 MP: 2/2
     2 | D:1      | Noticed a felid
     4 | D:1      | Noticed a ghoul
     4 | D:1      | Noticed a djinni
     6 | D:1      | Noticed a troll
     6 | D:1      | Noticed a vine stalker
     8 | D:1      | Noticed a formicid
     8 | D:1      | Noticed a barachi
    10 | D:1      | Noticed a demigod
    10 | D:1      | Noticed a tengu
    12 | D:1      | Noticed a human
    12 | D:1      | Noticed an oni
    14 | D:1      | Noticed a gargoyle
    14 | D:1      | Noticed a demonspawn
    16 | D:1      | Noticed a spriggan
    16 | D:1      | Noticed an armataur
    18 | D:1      | Noticed a minotaur
    20 | D:1      | Noticed an octopode
    22 | D:1      | Noticed a draconian
    22 | D:1      | Noticed a vampire
    24 | D:1      | Noticed an elf
    24 | D:1      | Noticed a merfolk
    26 | D:1      | Noticed a naga
    60 | D:1      | Reached XP level 2. HP: 10/14 MP: 1/3
   304 | D:1      | Reached XP level 3. HP: 17/17 MP: 4/4
   344 | D:1      | Reached skill level 4 in Shapeshifting
   720 | D:1      | You fall into a shaft and drop 1 floor!
   734 | D:2      | Found Teuff's Armour Shop.
  1012 | D:2      | Reached XP level 4. HP: 20/21 MP: 5/5
  1200 | D:2      | HP: 1/21 [poisoned by an adder]
  1201 | D:2      | Succumbed to an adder's poison

Illustrated notes

Levels and vault maps discovered:
D:1:      kb_arrival_jail, layout_basic
D:2:      layout_basic, serial_shops, nicolae_shop_advertising_works
          [nicolae_subvault_shop_adworks], corexii_corridor_pit,
          dk_noncrumbling_3, minmay_box_of_dots

Skill      XL: |  1  2  3 |
---------------+----------+-----
Shapeshifting  | 4 |  4.8
Fighting       | |  0.8
Dodging        | |  1.5
Unarmed Combat | |  3.0

Action                     |  1- 3 |  4- 6 || total
---------------------------+-------+-------++-------
  Melee: Unarmed           |    83 |    25 ||   108
         Bite              |    17 |     3 ||    20
         Punch             |     3 |       ||     3
    Use: Potion            |       |     1 ||     1
   Stab: Sleeping          |     2 |       ||     2
 Armour: Animal skin       |    14 |       ||    14
         Leather armour    |    24 |    13 ||    37
  Dodge: Dodged            |    38 |    15 ||    53
